 Dungeon Crawl Stone Soup version 0.23.0-28-g6fe0f4d (webtiles) character file.

Game seed: 3591705603042919990

761 Hasart the Caller (level 7, -3/36 HPs)
             Began as a Deep Elf Summoner on Feb 25, 2019.
             Killed by miscasting Summon Lightning Spire (8 damage)
             ... on level 6 of the Dungeon.
             The game lasted 00:18:06 (8125 turns).

Hasart the Caller (Deep Elf Summoner)               Turns: 8125, Time: 00:18:07

Health: -3/36      AC:  4    Str:  5    XL:     7   Next: 51%
Magic:  10/18      EV: 15    Int: 22    God:
Gold:   248        SH:  0    Dex: 15    Spells: 8/18 levels left

rFire    . . .     SeeInvis .   s - +1 dagger (drain)
rCold    . . .     Gourm    .   (no shield)
rNeg     . . .     Faith    .   a - +0 robe
rPois    .         Spirit   .   d - +1 hat
rElec    .         Reflect  .   (no cloak)
rCorr    .         Harm     .   (no gloves)
MR       .....                  t - +0 pair of boots
Stlth    ++........             (no amulet)
HPRegen  0.12/turn              (no ring)
MPRegen  0.16/turn              (no ring)

@: very slightly contaminated
A: no striking features
a: no special abilities


You were on level 6 of the Dungeon.
You were not hungry.

You visited 1 branch of the dungeon, and saw 6 of its levels.

You collected 248 gold pieces.

Inventory:

Hand Weapons
 s - a +1 dagger of draining (weapon)
Armour
 a - a +0 robe (worn)
 d - a +1 hat (worn)
 t - a +0 pair of boots (worn)
Wands
 o - a wand of enslavement (8)
 p - a wand of iceblast (11)
 u - a wand of scattershot (3)
Scrolls
 f - 4 scrolls of remove curse {unknown}
 k - 5 scrolls of identify {unknown}
 l - 4 scrolls of teleportation {unknown}
 n - a scroll of random uselessness {unknown}
Potions
 b - 2 potions of curing {unknown}
 e - 3 potions of agility {unknown}
 g - a potion of invisibility {unknown}
 h - 4 potions of might {unknown}
 i - a potion of heal wounds {unknown}
 j - a potion of cancellation {unknown}
 m - a potion of brilliance {unknown}
 q - a potion of ambrosia {unknown}
Comestibles
 c - 3 rations


   Skills:
 + Level 5.4 Dodging
 - Level 2.4 Stealth
 + Level 6.1 Spellcasting
 * Level 7.9 Summonings


You had 8 spell levels left.
You knew the following spells:

 Your Spells              Type           Power        Failure   Level  Hunger
a - Summon Small Mammal   Summ           ####         1%          1    None
b - Call Imp              Summ           #####...     1%          2    None
c - Call Canine Familiar  Summ           #####...     1%          3    #......
d - Summon Lightning Spi  Summ/Air       ###.....     17%         4    ###....

Your spell library contained the following spells:

 Spells                   Type           Power        Failure   Level  Hunger
 Summon Guardian Golem    Hex/Summ       ###.....     5%          3    #......
 Animate Skeleton         Necr           N/A          9%          1    None
 Apportation              Tloc           #.....       9%          1    None
 Confusing Touch          Hex            #.....       9%          1    None
 Summon Ice Beast         Ice/Summ       ###.....     17%         4    ###....
 Confuse                  Hex            #.......     26%         3    #......
 Gell's Gravitas          Tloc           #.........   26%         3    #......
 Petrify                  Tmut/Erth      #.......     65%         4    ###....
 Metabolic Englaciation   Hex/Ice        #.........   94%         5    #####..
 Yara's Violent Unravell  Hex/Tmut       #.........   94%         5    #####..


Dungeon Overview and Level Annotations

Branches:
Dungeon (6/15)
 Temple: D:4-7

Altars:

Annotations:
D:2 Sigmund


Message History

Confirm with . or Enter, or press ? or * to list all spells.
Aiming: Summon Lightning Spire (slightly dangerous; 17% risk of failure)
Press: ? - help, Dir - move target cursor, p - black bear An electric hum fills the air.
The black bear misses you. The black bear closely misses you.
The black bear claws you but does no damage.
The black bear bites your lightning spire.
The black bear claws your lightning spire. x2
The black bear bites your lightning spire.
The black bear barely misses your lightning spire.
The black bear claws your lightning spire.
Your lightning spire is destroyed!
Casting: Summon Lightning Spire (slightly dangerous; 17% risk of failure)
Confirm with . or Enter, or press ? or * to list all spells.
Aiming: Summon Lightning Spire (slightly dangerous; 17% risk of failure)
Press: ? - help, Dir - move target cursor You miscast Summon Lightning Spire.
You are very lightly contaminated with residual magic.
Electricity courses through your body.
You die...

#.#####..#....
#....#..........
#...............
#.#.............
#.............
##............
#.............
###...........
####....@.......
#.....o.......!.
######<....##hF......
#........>..#.........
.....##.....F.........
##...................#
......#...............
......##........#.....
..... #....#.........


You could see a black bear (berserk), a bullfrog and an orc.

Vanquished Creatures
  A bullfrog (D:6)
  A scorpion (D:4)
  A crimson imp (D:5)
  A jelly (D:5)
  A hound (D:5)
  2 orc priests (D:5)
  A worker ant (D:5)
  A hound zombie (D:5)
  A worker ant zombie (D:6)
  A howler monkey skeleton (D:4)
  3 adders
  A dart slug (D:1)
  6 leopard geckos
  2 orcs (D:5)
  5 bats
  5 giant cockroaches
  3 hobgoblins
  4 jackals (D:4)
  3 kobolds
  3 quokkas
  2 frilled lizards (D:1)
  8 goblins
  7 rats
63 creatures vanquished.

Vanquished Creatures (collateral kills)
  A sky beast (D:5)
  2 phantoms
  A big kobold (D:3)
  A bullfrog zombie (D:5)
  3 orc wizards
  A centaur skeleton (D:6)
  Jessica (D:3)
  2 iguanas (D:4)
  2 worker ants (D:4)
  A hound skeleton (D:4)
  An adder (D:3)
  A shadow imp (D:6)
  An ooze (D:1)
  3 worms
  A leopard gecko (D:3)
  5 orcs
  A giant cockroach (D:4)
  2 goblins
  3 hobgoblins
  2 jackals (D:3)
  8 kobolds
  5 bats
  A frilled lizard (D:3)
  A rat (D:3)
50 creatures vanquished.

Grand Total: 113 creatures vanquished

Notes
Turn   | Place    | Note
-------+----------+-------------------------------------------
     0 | D:1      | Hasart the Deep Elf Summoner began the quest for the Orb.
     0 | D:1      | Reached XP level 1. HP: 10/10 MP: 6/6
   850 | D:1      | Reached XP level 2. HP: 5/15 MP: 8/8
   944 | D:1      | Learned a level 2 spell: Call Imp
  1553 | D:1      | Reached skill level 5 in Summonings
  1684 | D:1      | Reached XP level 3. HP: 10/19 MP: 10/10
  2836 | D:2      | Learned a level 3 spell: Call Canine Familiar
  2909 | D:2      | Noticed Sigmund
  2941 | D:3      | Noticed Jessica
  3236 | D:3      | Found a faded altar of an unknown god.
  3393 | D:3      | Killed Jessica
  3546 | D:3      | Reached XP level 4. HP: 8/24 MP: 5/11
  4766 | D:3      | Noticed a big kobold
  4799 | D:3      | Killed a big kobold
  4799 | D:3      | Reached XP level 5. HP: 18/28 MP: 5/13
  4998 | D:4      | Reached skill level 6 in Summonings
  5748 | D:4      | Reached XP level 6. HP: 32/32 MP: 15/15
  5908 | D:4      | Reached skill level 5 in Spellcasting
  6473 | D:5      | Entered Level 5 of the Dungeon
  6720 | D:5      | Reached skill level 7 in Summonings
  7078 | D:5      | Noticed a sky beast
  7088 | D:5      | Killed a sky beast
  7088 | D:5      | Reached skill level 5 in Dodging
  7088 | D:5      | Reached XP level 7. HP: 36/36 MP: 14/17
  8078 | D:6      | Learned a level 4 spell: Summon Lightning Spire
  8125 | D:6      | Killed by miscasting Summon Lightning Spire

Skill      XL: |  1  2  3  4  5  6  7 |
---------------+----------------------+-----
Summonings     | 5 6 7 |  7.9
Dodging        | 3 4 5 |  5.4
Spellcasting   | 4 5 6 |  6.1
Stealth        | |  2.4

Action                   |  1- 3 |  4- 6 |  7- 9 || total
-------------------------+-------+-------+-------++-------
Melee: Unarmed           |    36 |       |       ||    36
       Short sword       |   140 |    68 |       ||   208
       Dagger            |       |   120 |   112 ||   232
 Cast: Summon Small Mamm |    11 |       |       ||    11
       Call Imp          |     6 |     1 |       ||     7
       Call Canine Famil |     6 |    15 |     4 ||    25
       Summon Lightning  |       |       |     1 ||     1
 Stab: Sleeping          |     6 |     3 |       ||     9
       Distracted        |       |     2 |       ||     2
  Eat: Chunk             |     9 |     8 |     4 ||    21
       Ration            |       |     1 |       ||     1
Armor: Robe              |    46 |    37 |    25 ||   108
Dodge: Dodged            |   169 |   112 |    79 ||   360
